 Dungeon Crawl Stone Soup version 0.26-a0-597-gb535b0901c (webtiles) character file.

Game seed: 11580533161488207994

97 Apogee the Chucker (level 4, 0/35 HPs)
             Began as a Barachi Hunter on Sept 11, 2020.
             Slain by Sigmund
             ... wielding a +0 scythe
              (7 damage)
             ... on level 2 of the Dungeon.
             The game lasted 00:04:19 (1921 turns).

Apogee the Chucker (Barachi Hunter)                 Turns: 1921, Time: 00:04:19

Health: 0/35       AC:  5    Str: 14    XL:     4   Next: 68%
Magic:  4/4        EV: 11    Int: 12    God:
Gold:   78         SH:  0    Dex: 12    Spells: 3/3 levels left

rFire    . . .     SeeInvis .   g - +2 short sword (elec)
rCold    . . .     Faith    .   (no shield)
rNeg     . . .     Spirit   .   e - +0 ring mail
rPois    .         Reflect  .   (no helmet)
rElec    .         Harm     .   (no cloak)
rCorr    .                      (no gloves)
MR       .....                  (no boots)
Stlth    +.........             (no amulet)
HPRegen  0.11/turn              (no ring)
MPRegen  0.09/turn              (no ring)

@: can't hop, slow
A: +LOS, swims, slowness 1, strong legs 1
a: Hop


You were on level 2 of the Dungeon.
You visited 1 branch of the dungeon, and saw 2 of its levels.

You collected 78 gold pieces.

Inventory:

Hand Weapons
 a - a +0 short sword
 g - a +2 short sword of electrocution (weapon)
   (You took it off a kobold on level 1 of the Dungeon)
Missiles
 c - 4 javelins (quivered)
 d - 2 throwing nets {!f}
 h - 94 stones
 j - 30 poisoned darts
Armour
 b - a +0 leather armour
 e - a +0 ring mail (worn)
   (You found it on level 1 of the Dungeon)
Scrolls
 f - 2 scrolls of teleportation {unknown}
 k - 2 scrolls of identify {unknown}
 m - 2 scrolls of remove curse {unknown}
 o - a scroll of enchant armour {unknown}
Potions
 i - a potion of lignification {unknown}
 l - a potion of haste {unknown}
 n - a potion of heal wounds {unknown}


   Skills:
 + Level 3.3 Fighting
 + Level 1.4 Short Blades
 + Level 4.4 Throwing
 + Level 2.1 Armour
 - Level 2.1 Dodging
 - Level 2.0 Stealth


You had 3 spell levels left.
You didn't know any spells.
Your spell library was empty.

Dungeon Overview and Level Annotations

Branches:
Dungeon (2/15)

Altars:

Annotations:
D:2 Sigmund


Innate Abilities, Weirdness & Mutations

You can be seen from farther away. (+LOS)
You can swim through water.
You cover ground slowly.
You can hop short distances.


Message History

You kill the goblin!
No target in view!
Things that are here:
a +0 hunting sling; a +0 club; a goblin corpse
h - 67 stones (gained 4)
h - 70 stones (gained 3)
h - 71 stones (gained 1)
h - 94 stones (gained 23)
m - 2 scrolls labeled REOTAX WU UQAI (gained 1)
A goblin comes into view.
A goblin is nearby!
A goblin is nearby!
The goblin shouts!
You hear a shout!
Sigmund the Dreaded comes into view.
He is wielding a +0 scythe and wearing a +0 robe of cold resistance.
Sigmund casts a spell.
Sigmund flickers and vanishes!
Deactivating autopickup; reactivate with Ctrl-A.
You hit the goblin. Lightning courses through the goblin!
You kill the goblin!
No target in view!
A magic dart appears from out of thin air!
The magic dart hits you.
A puff of flame appears from out of thin air!
The puff of flame hits you.
Something tries to affect you, but you resist.
Something tries to affect you, but you resist.
Something tries to affect you, but you resist.
You start resting.
There is a strange disturbance nearby!
You swing at nothing.
Something hits you. Something hits you but does no damage.
You miss something. You closely miss something. Something hits you!
* * * LOW HITPOINT WARNING * * *
You closely miss something. Something hits you but does no damage.
You hit something. Lightning courses through something! Something hits you!
* * * LOW HITPOINT WARNING * * *
Boing!
Throwing (i - inventory. (/) - cycle)
c - 6 javelins (quivered)
Okay, then.
Throwing (i - inventory. (/) - cycle)
c - 6 javelins (quivered)
You throw a javelin.
Throwing (i - inventory. (/) - cycle)
c - 5 javelins (quivered)
You throw a javelin. Something hits you!
You die...

.................# .....
...#..†......#...#### ..# .
...)....†...##......##..# ...
#.#.......#.#...###.....##....
#.............#.# ###.........
##.....#....###.# #...#.#...
#..<##....#.# #.# #.#.# # .
...####...#.###.### #.#...
...####.........@.###.##.#..
##......#...........°...(# .#
..#....#..........##.##.# #
.....................# .#
#######...<.......... .#
#............... ..
.................... ..
#########............. .
#####..........


There were no monsters in sight!

Vanquished Creatures
  A scorpion (D:2)
  An adder (D:2)
  A worm (D:1)
  2 dart slugs (D:1)
  2 leopard geckos (D:1)
  3 giant cockroaches (D:1)
  4 hobgoblins (D:1)
  6 kobolds (D:1)
  4 bats (D:1)
  3 frilled lizards (D:1)
  6 goblins
  5 rats
38 creatures vanquished.

Vanquished Creatures (others)
  7 plants (D:1)
7 creatures vanquished.

Grand Total: 45 creatures vanquished

Notes
Turn   | Place    | Note
-------+----------+-------------------------------------------
     0 | D:1      | Apogee the Barachi Hunter began the quest for the Orb.
     0 | D:1      | Reached XP level 1. HP: 17/17 MP: 1/1
   101 | D:1      | Reached skill level 1 in Stealth
   438 | D:1      | Reached XP level 2. HP: 19/23 MP: 2/2
   476 | D:1      | Reached skill level 1 in Armour
  1074 | D:1      | Reached XP level 3. HP: 28/28 MP: 3/3
  1592 | D:2      | Noticed a scorpion
  1793 | D:2      | Killed a scorpion
  1793 | D:2      | Reached skill level 1 in Short Blades
  1793 | D:2      | Reached XP level 4. HP: 29/35 MP: 4/4
  1887 | D:2      | Noticed Sigmund
  1921 | D:2      | Slain by Sigmund

Illustrated notes

Levels and vault maps discovered:
D:1:      lightli_arrival_maybe_door_vault, layout_loops_corners,
          lexackson_kobold_supper
D:2:      layout_rooms, uniq_sigmund

Skill      XL: |  1  2  3 |
---------------+----------+-----
Stealth        | 1 2 |  2.0
Armour         | 1 2 |  2.1
Fighting       | 3 |  3.3
Short Blades   | 1 |  1.4
Throwing       | |  4.4
Dodging        | |  2.1

Action                   |  1- 3 |  4- 6 || total
-------------------------+-------+-------++-------
Melee: Short sword       |   102 |    10 ||   112
Throw: Javelin           |     6 |     2 ||     8
 Abil: Hop               |       |     1 ||     1
 Stab: Sleeping          |     1 |       ||     1
Armor: Leather armour    |    16 |       ||    16
       Ring mail         |    26 |     6 ||    32
Dodge: Dodged            |    98 |     5 ||   103

Table legend: (Time is in decaauts)
 A = Elapsed time spent in this place.
 B = Non-inter-level travel time spent in this place.
 C = Inter-level travel time spent in this place.
 D = Time resting spent in this place.
 E = Time spent auto-exploring this place.
 F = Levels seen in this place.
 G = Mean time per level.
                   A        B        C        D        E       F      G
               +--------+--------+--------+--------+--------+-----+--------+
         Total |   2148 |   2081 |     67 |    241 |   1480 |   2 | 1074.0 |
       Dungeon |   2148 |   2081 |     67 |    241 |   1480 |   2 | 1074.0 |
               +--------+--------+--------+--------+--------+-----+--------+

Top non-repeatable levels by time:
     D:1: 1982 daAuts
     D:2: 166 daAuts
